 Dungeon Crawl Stone Soup version 0.30.0-29-ga12c61a403 (webtiles) character file.

Game seed: 15726404810021497866

223 qw the Chopper (level 6, -1/38 HPs)
             Began as a Gargoyle Fighter on June 3, 2023.
             Slain by a scorpion (6 damage)
             ... on level 4 of the Dungeon.
             The game lasted 00:01:21 (2453 turns).

qw the Chopper (Gargoyle Fighter)                   Turns: 2453, Time: 00:01:21

Health: -1/38      AC: 15    Str: 22    XL:     6   Next: 0%
Magic:  15/15      EV:  8    Int:  8    God:
Gold:   138        SH:  4    Dex: 11    Spells: 5/5 levels left

rFire   . . .        Y - +0 war axe
rCold   . . .        c - +0 buckler
rNeg    + . .        m - +0 chain mail
rPois   inf          b - +0 hat "Bufeiceu" {MP+9 Dex+2}
rElec   +            k - +0 cloak
rCorr   .            j - +0 pair of gloves
SInv    +            (no boots)
Will    .....        (no amulet) Stlth
                     e - ring of see invisible
HPRegen 0.26/turn    (no ring)
MPRegen 0.14/turn

%: no passive effects
@: about to teleport
A: sickness immunity, AC +4, negative energy resistance 1, electricity
resistance, torment resistance 1, petrification resistance, claws 1, horns 1
a: no special abilities


You were on level 4 of the Dungeon.
You visited 1 branch of the dungeon, and saw 4 of its levels.

You collected 138 gold pieces.


Innate Abilities, Weirdness & Mutations

You are immune to sickness and miasma.
Your stone body is resilient. (AC +4)
You are immune to poison.
You resist negative energy. (rN+)
You are resistant to electric shocks. (rElec)
You are resistant to unholy torment.
You are immune to petrification.
You have sharp fingernails.
You have a pair of small horns on your head.


   Skills:
 - Level 4.0 Fighting
 - Level 5.0 Axes
 - Level 3.2 Armour
 + Level 0.5 Dodging
 - Level 3.2 Shields


You had 5 spell levels left.
You didn't know any spells.
Your spell library was empty.

Inventory:

Hand Weapons
 g - a +0 flail
 Y - a +0 war axe (weapon)
Armour
 b - the +0 hat "Bufeiceu" (worn) {MP+9 Dex+2}
   (You acquired it on level 3 of the Dungeon)

   Dex:       It affects your dexterity (+2).
   MP:        It affects your magic capacity (+9).
 c - a +0 buckler (worn)
 j - a +0 pair of gloves (worn)
 k - a +0 cloak (worn)
 m - a +0 chain mail (worn)
Jewellery
 e - a ring of see invisible (left hand)
Scrolls
 h - 2 scrolls of teleportation
 s - a scroll of identify
Potions
 a - a potion of mutation
 d - a potion of might
 f - a potion of invisibility {unknown}
 i - a potion of brilliance {unknown}
 l - a potion of haste
 n - a potion of magic {unknown}
 o - a potion of resistance {unknown}
 u - a potion of lignification {unknown}

Dungeon Overview and Level Annotations

Branches:
Dungeon (4/15)
 Temple: D:4-7

Altars:


Message History

You barely miss the orc.
The orc is severely wounded.
You hit the scorpion. You slash the dart slug!
You kill the dart slug!
A centaur comes into view.
The orc hits you but does no damage. The scorpion closely misses you.
The orc hits you but does no damage.
You closely miss the orc. You headbutt the orc.
You kill the orc!
You closely miss the scorpion.
The centaur wields a +0 shortbow.
The centaur shoots an arrow.
The arrow hits you but does no damage.
The scorpion stings you but does no damage.
The scorpion barely misses you.
The centaur shoots an arrow.
You block the arrow.
You have reached level 6!
You hit the scorpion.
The scorpion is lightly wounded.
The scorpion barely misses you.
The centaur shoots an arrow.
The arrow barely misses you.
The scorpion stings you but does no damage.
You barely miss the scorpion. Your headbutt misses the scorpion.
The scorpion is lightly wounded.
The centaur shoots an arrow.
The arrow hits you. You block the scorpion's attack.
You hit the scorpion.
The scorpion is lightly wounded.
The scorpion barely misses you.
The centaur shoots an arrow.
The arrow hits you.
The scorpion stings you but does no damage.
The centaur shoots an arrow.
The arrow hits you but does no damage.
You barely miss the scorpion.
You headbutt the scorpion, but do no damage.
The scorpion is lightly wounded.
The centaur shoots an arrow.
The arrow hits you. The scorpion stings you.
The centaur shoots an arrow.
The arrow completely misses you.
2453 ||| READING 3 scrolls of teleportation.
As you read the scroll of teleportation, it crumbles to dust.
You feel strangely unstable. The scorpion stings you.
You die...

#(# #.# #.# #.#
#.# #.# ###.####
#>.))..##
#+#@)...#
.......s)...#
..........c...#
............#...
#####+#..#+## ..
#.!# w #..# #>.#


You could see a centaur and a scorpion.

Vanquished Creatures
  Jessica (D:3)
  Natasha (D:2)
  2 gnolls (D:1)
  4 adders
  4 worms
  3 dart slugs
  13 orcs
  4 bats
  9 endoplasms
  4 giant cockroaches
  7 hobgoblins
  9 jackals (D:1)
  4 ball pythons
  4 frilled lizards
  5 goblins
  5 kobolds
  4 rats
83 creatures vanquished.

Notes
Turn   | Place    | Note
-------+----------+-------------------------------------------
     0 | D:1      | qw the Gargoyle Fighter began the quest for the Orb.
     0 | D:1      | Reached XP level 1. HP: 14/14 MP: 1/1
     0 | D:1      | 0 ||| qw: Version: 0.2-a-103-g5a998e5
     0 | D:1      | 0 ||| qw: Game counter: 1104
     0 | D:1      | 0 ||| qw: Always use a shield: true
     0 | D:1      | 0 ||| qw: God list: Okawaru
     0 | D:1      | 0 ||| qw: Allow faded altars: false
     0 | D:1      | 0 ||| qw: Do Orc after D:15 true
     0 | D:1      | 0 ||| qw: Do second Lair branch before Depths: true
     0 | D:1      | 0 ||| qw: Lair rune preference: random
     0 | D:1      | 0 ||| qw: Plans: Normal, Zot:1-4, Slime:5, God:TSO, Crypt,
                  | Tomb, Pan, Hells, Abyss, Win
     0 | D:1      | 0 ||| PLANNING D:1-11
    36 | D:1      | Reached skill level 2 in Axes
    43 | D:1      | Reached XP level 2. HP: 8/19 MP: 2/2
   168 | D:1      | Reached skill level 3 in Axes
   173 | D:1      | Reached XP level 3. HP: 23/23 MP: 3/3
   212 | D:1      | 212 ||| Stepping ~*~*~tactically~*~*~ (hiding).
   756 | D:1      | 756 ||| UPGRADING to +0 pair of gloves.
   761 | D:1      | 761 ||| UPGRADING to +0 cloak.
   766 | D:1      | 766 ||| UPGRADING to ring of see invisible.
   767 | D:1      | 767 ||| READING scroll labelled BIUKKI MA XUB.
   768 | D:1      | 768 ||| READING 3 scrolls labelled YMNACRU CUMAS.
   818 | D:2      | Reached XP level 4. HP: 28/28 MP: 4/4
   826 | D:2      | Found a faded altar of an unknown god.
   974 | D:2      | Reached skill level 4 in Axes
  1275 | D:2      | Noticed Natasha
  1276 | D:2      | 1276 ||| Stepping ~*~*~tactically~*~*~ (hiding).
  1283 | D:2      | Killed Natasha
  1284 | D:2      | Reached XP level 5. HP: 32/32 MP: 5/5
  1550 | D:2      | 1550 ||| UPGRADING to +0 chain mail.
  1560 | D:2      | 1560 ||| DROPPING +0 scale mail.
  1561 | D:2      | 1561 ||| READING scroll labelled WAGOIT WINYNEYMOU.
  1562 | D:2      | 1562 ||| READING scroll labelled ZOGECA XOULINI.
  1563 | D:2      | 1563 ||| DRINKING 2 puce potions.
  1563 | D:2      | Gained mutation: You have a pair of small horns on your
                  | head. [potion of mutation]
  1563 | D:2      | Gained mutation: You have sharp fingernails. [potion of
                  | mutation]
  1564 | D:2      | 1564 ||| DRINKING 2 fizzy green potions.
  1594 | D:3      | 1594 ||| DROPPING +3 hand axe.
  1650 | D:3      | Noticed Jessica
  1652 | D:3      | Killed Jessica
  1692 | D:3      | Reached skill level 5 in Axes
  1976 | D:3      | 1976 ||| Stepping ~*~*~tactically~*~*~ (stealth).
  1977 | D:3      | 1977 ||| Stepping ~*~*~tactically~*~*~ (stealth).
  1988 | D:3      | 1988 ||| Stepping ~*~*~tactically~*~*~ (stealth).
  2014 | D:3      | 2014 ||| Stepping ~*~*~tactically~*~*~ (stealth).
  2015 | D:3      | 2015 ||| Stepping ~*~*~tactically~*~*~ (stealth).
  2031 | D:3      | 2031 ||| Stepping ~*~*~tactically~*~*~ (stealth).
  2313 | D:3      | 2313 ||| DROPPING amulet of magic regeneration.
  2314 | D:3      | 2314 ||| READING scroll labelled GORUZABB GOAGH.
  2315 | D:3      | 2315 ||| READING scroll labelled VEFOMI FITUOSE.
  2315 | D:3      | Identified a scroll of acquirement
  2315 | D:3      | 2315 ||| ACQUIRING +0 hat "Bufeiceu" {MP+9 Dex+2}
  2315 | D:3      | Acquired the +0 hat "Bufeiceu" {MP+9 Dex+2}
  2317 | D:3      | 2317 ||| UPGRADING to +0 hat "Bufeiceu" {MP+9 Dex+2}.
  2387 | D:3      | 2387 ||| READING scroll labelled MOT TENGAY.
  2388 | D:3      | 2388 ||| READING 2 scrolls labelled ETOGRE FADUCO.
  2389 | D:3      | 2389 ||| DRINKING 2 grey potions.
  2390 | D:3      | 2390 ||| DROPPING potion of flight.
  2422 | D:4      | 2422 ||| PLANNING SEWER
  2435 | D:4      | 2435 ||| Stepping ~*~*~tactically~*~*~ (hiding).
  2447 | D:4      | Noticed a centaur
  2449 | D:4      | Reached XP level 6. HP: 16/38 MP: 6/6
  2452 | D:4      | HP: 9/38 [centaur/arrow (2)]
  2453 | D:4      | 2453 ||| READING 3 scrolls of teleportation.
  2453 | D:4      | Slain by a scorpion

Levels and vault maps discovered:
D:1:      kennysheep_arrival_forest, layout_loops_cross
D:2:      layout_loops_cross, hellmonk_ecumenical_altar_pennies_from_heaven,
          minmay_crystal_water, moated_statue, uniq_natasha
D:3:      layout_basic, minmay_splitting_lines, minmay_quadrilaterals,
          uniq_jessica
D:4:      layout_basic, doesnt_xom_only_xom, hellmonk_ghost_happy_afterlife,
          gup_sewer_entry_bubbles, minmay_manual_mares, uniq_edmund,
          uniq_blork_the_orc, uniq_menkaure

Skill      XL: |  1  2  3  4  5 |
---------------+----------------+-----
Axes           | 2 3 4 5 |  5.0
Fighting       | 4 |  4.0
Armour         | |  3.2
Dodging        | |  0.5
Shields        | |  3.2

Action                     |  1- 3 |  4- 6 || total
---------------------------+-------+-------++-------
  Melee: War axe           |    92 |   130 ||   222
         Headbutt          |       |     8 ||     8
    Use: Scroll            |     2 |     7 ||     9
         Potion            |       |     3 ||     3
 Armour: Scale mail        |    56 |    21 ||    77
         Chain mail        |       |    46 ||    46
  Dodge: Dodged            |    41 |    32 ||    73
  Block: Buckler           |    16 |    22 ||    38

Table legend:
 A = Non-vault XP
 B = Vault XP
 C = Vault XP percentage of total XP
 D = Non-vault monster count
 E = Vault monster count
 F = Vault count percentage of total count
                 A         B        C        D         E       F
            +---------+---------+-------+---------+---------+-------
      Total |     224 |      95 |  29.8 |      75 |       8 |   9.6
            +---------+---------+-------+---------+---------+-------
        D:1 |      75 |       0 |   0.0 |      25 |       0 |   0.0
        D:2 |      69 |      36 |  34.3 |      15 |       1 |   6.2
        D:3 |      61 |      59 |  49.2 |      29 |       7 |  19.4
        D:4 |      19 |       0 |   0.0 |       6 |       0 |   0.0
            +---------+---------+-------+---------+---------+-------
